 Dungeon Crawl Stone Soup version 0.32-a0-30-gefbe487952 (webtiles) character file.

Game seed: 17304306999313104777

463 p00ps00p the Trooper (level 7, -6/61 HPs)
             Began as a Hill Orc Fighter on Jan 20, 2024.
             Killed by divine providence
             ... invoked by an orc priest
              (10 damage)
             ... on level 4 of the Dungeon.
             The game lasted 00:03:43 (3497 turns).

p00ps00p the Trooper (Hill Orc Fighter)             Turns: 3497, Time: 00:03:45

Health: -6/61      AC:  8    Str: 21    XL:     7   Next: 7%
Magic:  7/7        EV:  8    Int:  8    God:
Gold:   274        SH:  0    Dex: 10    Spells: 6/6 levels left

rFire   . . .        a - +0 war axe
rCold   . . .        p - +0 kite shield
rNeg    . . .        b - +0 scale mail
rPois   .            (no helmet)
rElec   .            (no cloak)
rCorr   .            g - +0 pair of gloves
SInv    .            (no boots)
Will    .....        (no amulet) Stlth
                     (no ring)
HPRegen 0.30/turn    (no ring)
MPRegen 0.10/turn

%: no passive effects
@: confused, ambrosia-drunk
A: no striking features
a: Convert to Beogh


You were on level 4 of the Dungeon.
You visited 1 branch of the dungeon, and saw 4 of its levels.

You collected 274 gold pieces.

Inventory:

Hand Weapons
 a - a +0 war axe (weapon)
Armour
 b - a +0 scale mail (worn)
 g - a +0 pair of gloves (worn)
 p - a +0 kite shield (worn)
Wands
 f - a wand of digging (5)
Scrolls
 c - a scroll of blinking {unknown}
Potions
 d - 3 potions of might
 e - a potion of brilliance
 h - 2 potions of attraction
 i - 2 potions of resistance
 j - a potion of enlightenment
 l - a potion of invisibility
 m - a potion of mutation {unknown}
 n - a potion of heal wounds {unknown}
 o - 2 potions of lignification {unknown}
 q - a potion of ambrosia


   Skills:
 + Level 5.5 Fighting
 + Level 5.3 Axes
 + Level 5.0 Armour
 + Level 5.2 Shields


You had 6 spell levels left.
You didn't know any spells.
Your spell library contained the following spells:

 Spells                   Type           Power      Damage    Failure   Level
 Jinxbite                 Hex            0%         N/A       98%         2
 Confusing Touch          Hex            0%         N/A       100%        3
 Dazzling Flash           Conj/Hex       0%         N/A       100%        3
 Fireball                 Conj/Fire      0%         3d3       100%        5


Dungeon Overview and Level Annotations

Branches:
Dungeon (4/15)
 Temple: D:4-7

Altars:
Dithmenos
Elyvilon
Okawaru


Message History

You block the orc's attack.
Unknown command.
You hit the orc.
The orc is heavily wounded.
The orc priest calls down the wrath of Beogh upon you.
Beogh smites you! You block the orc's attack.
Unknown command.
You are too injured to fight recklessly!
Unknown command.
You are too injured to fight recklessly!
Unknown command.
You are too injured to fight recklessly!
Unknown command.
You are too injured to fight recklessly!
Unknown command.
You are too injured to fight recklessly!
Unknown command.
You are too injured to fight recklessly!
You slash the orc!
You kill the orc!
The orc priest shouts, "Join the one true god or die!"
The orc priest hits you but does no damage.
The orc priest invokes the aid of Beogh against you.
Beogh smites you!
* * * LOW HITPOINT WARNING * * *
Things that are here:
a +0 club; a boomerang; a +0 scale mail You slash the orc priest!
The orc priest is severely wounded.
The orc priest shouts, "Beogh is our master!
Accept the truth or die!"
The orc priest hits you with a +0 trident.
* * * LOW HITPOINT WARNING * * *
The orc priest threatens, "By the altar or by the axe, you will meet Beogh!"
The orc priest hits you with a +0 trident!
* * * LOW HITPOINT WARNING * * *
You are confused.
You feel invigorated.
The orc priest invokes the aid of Beogh against you.
Beogh smites you!
You die...

##.#.##.###############.#
#.......# #.# #.#####.#
####### #.# #.
#.###.....# #.# #.
#..##.....# ###.# #.
#..##.....# #...#
#.#####..##.....# #.###
#......).##..o..# #.#
########.# #@#### #.# #.#
#)...# ##.## #.#######.#
#...## ####
#...#####.###.#..# ...#
####.##...........#
##.####
#.......#.......#.#
##....#
#.##.##.........#.######
.(....#
#.##.##.#.........).....
##....#
#.##....>.......###...##


You could see an orc priest.

Vanquished Creatures
  Eustachio (D:4)
  A kobold brigand (D:4)
  A scorpion (D:4)
  A jelly (D:4)
  6 adders
  3 dart slugs
  9 orcs (D:4)
  4 ball pythons
  12 endoplasms
  4 giant cockroaches
  9 goblins
  6 hobgoblins
  3 jackals (D:4)
  2 quokkas
  6 bats
  9 frilled lizards
  6 kobolds
  9 rats
92 creatures vanquished.

Notes
Turn   | Place    | Note
-------+----------+-------------------------------------------
     0 | D:1      | p00ps00p the Hill Orc Fighter began the quest for the Orb.
     0 | D:1      | Reached XP level 1. HP: 19/19 MP: 1/1
   148 | D:1      | Reached XP level 2. HP: 24/27 MP: 2/2
   410 | D:1      | Reached XP level 3. HP: 33/33 MP: 3/3
  1217 | D:2      | Reached XP level 4. HP: 25/40 MP: 4/4
  1342 | D:2      | Identified the +5 mace of Resonant Watchfulness {heavy,
                  | rCorr Int+5 Dex-4}
  1770 | D:3      | Found a white marble altar of Elyvilon.
  1823 | D:3      | Got the Papyrus of the Shot and the Oath
  1996 | D:3      | Found a shadowy altar of Dithmenos.
  2252 | D:3      | Reached XP level 5. HP: 19/47 MP: 5/5
  2557 | D:4      | Noticed a kobold brigand
  2571 | D:4      | Killed a kobold brigand
  2659 | D:4      | Reached skill level 5 in Fighting
  2659 | D:4      | Reached XP level 6. HP: 35/56 MP: 6/6
  2974 | D:4      | Found an iron altar of Okawaru.
  3025 | D:4      | Noticed Eustachio
  3039 | D:4      | Killed Eustachio
  3040 | D:4      | Reached skill level 5 in Axes
  3040 | D:4      | Reached skill level 5 in Armour
  3040 | D:4      | Reached skill level 5 in Shields
  3040 | D:4      | Reached XP level 7. HP: 21/61 MP: 7/7
  3496 | D:4      | HP: 1/61 [orc priest/+0 trident (8)]
  3497 | D:4      | Killed from afar by an orc priest

Illustrated notes

Levels and vault maps discovered:
D:1:      dpeg_arrival_oval, layout_rooms, serial_park_tiny_pond,
          chequers_serial_rivers_micro_a
D:2:      minmay_recursive_quarters, layout_basic
D:3:      layout_rooms, elyvilon_altar_4, nicolae_overflow_crystal_walls,
          dk_vineyard_1
D:4:      layout_loops_cross, okawaru_metal_pillars_1_2, uniq_eustachio

Skill      XL: |  1  2  3  4  5  6 |
---------------+-------------------+-----
Axes           | 3 4 5 |  5.3
Fighting       | 4 5 |  5.5
Shields        | 4 5 |  5.2
Armour         | 4 5 |  5.0

Action                     |  1- 3 |  4- 6 |  7- 9 || total
---------------------------+-------+-------+-------++-------
  Melee: War axe           |    93 |   155 |    28 ||   276
    Use: Scroll            |     5 |     7 |       ||    12
         Potion            |       |       |     1 ||     1
 Armour: Scale mail        |    69 |   117 |    21 ||   207
  Dodge: Dodged            |    63 |    60 |     8 ||   131
  Block: Buckler           |    27 |    29 |       ||    56
         Kite shield       |       |    23 |    15 ||    38

Table legend: (Time is in decaauts)
 A = Elapsed time spent in this place.
 B = Non-inter-level travel time spent in this place.
 C = Inter-level travel time spent in this place.
 D = Time resting spent in this place.
 E = Time spent auto-exploring this place.
 F = Levels seen in this place.
 G = Mean time per level.
                   A        B        C        D        E       F      G
               +--------+--------+--------+--------+--------+-----+--------+
         Total |   3601 |   3484 |    117 |    658 |   2185 |   4 |  900.2 |
       Dungeon |   3601 |   3484 |    117 |    658 |   2185 |   4 |  900.2 |
               +--------+--------+--------+--------+--------+-----+--------+

Top non-repeatable levels by time:
     D:4: 1130 daAuts
     D:1: 968 daAuts
     D:2: 853 daAuts
     D:3: 648 daAuts
